 Dungeon Crawl Stone Soup version 0.28-a0-1312-g71652a0310 (webtiles) character file.

Game seed: 1333055241418420207

123 gimp the Skirmisher (level 4, -1/40 HPs)
             Began as a Demigod Wanderer on Dec 27, 2021.
             Slain by an orc (3 damage)
             ... on level 4 of the Dungeon.
             The game lasted 00:05:47 (3483 turns).

gimp the Skirmisher (Demigod Wanderer)              Turns: 3483, Time: 00:05:48

Health: -1/40      AC:  3    Str: 13 (14) XL:     4   Next: 51%
Magic:  8/8        EV: 12    Int: 10 (12) God:
Gold:   144        SH:  0    Dex: 16 (18) Spells: 5/5 levels left

rFire   . . .      SeeInvis .   a - +0 war axe
rCold   . . .      Faith    .   (no shield)
rNeg    . . .      Spirit   .   e - +0 leather armour
rPois   .          Reflect  .   (helmet restricted)
rElec   .          Harm     .   i - +0 cloak
rCorr   .          Rampage  .   d - +0 pair of gloves
Will    .....                   (no boots)
Stlth   +.........              (no amulet)
HPRegen 0.13/turn               (no ring)
MPRegen 0.11/turn               (no ring)

@: mighty
A: high mp 1, forlorn, divine attributes, antennae 1, deformed body, screaming
1, MP-powered wands
a: no special abilities


You were on level 4 of the Dungeon.
You visited 1 branch of the dungeon, and saw 4 of its levels.

You collected 144 gold pieces.

Inventory:

Hand Weapons
 a - a +0 war axe (weapon)
 b - a +1 dagger of speed
 j - a +0 hunting sling
Missiles
 c - 39 sling bullets
 n - 34 stones (quivered)
 o - 11 poisoned darts
Armour
 d - a +0 pair of gloves (worn)
 e - a +0 leather armour (worn)
 i - a +0 cloak (worn)
Scrolls
 g - a scroll of blinking {unknown}
 k - a scroll of teleportation {unknown}
 l - a scroll of fog {unknown}
 q - a scroll of identify {unknown}


   Skills:
 + Level 3.7 Fighting
 * Level 2.4 Short Blades
 - Level 2.6 Axes
 - Level 1.0 Slings
 - Level 2.6 Dodging
 - Level 1.0 Spellcasting


You had 5 spell levels left.
You didn't know any spells.
Your spell library was empty.

Dungeon Overview and Level Annotations

Branches:
Dungeon (4/15)
 Temple: D:4-7

Shops:
D:3 :

Annotations:
D:3 Grinder


Innate Abilities, Weirdness & Mutations

You have an increased reservoir of magic. (+10% MP)
You shall have no god before yourself.
Your divine heritage dramatically boosts your attributes as you level up.
You have a pair of small antennae on your head.
Armour fits poorly on your strangely shaped body.
You occasionally shout uncontrollably at your foes.
You expend magic power (3 MP) to strengthen your wands.


Message History

Beogh smites you!
You take 10 damage, and have 17/40 hp.
MASSIVE DAMAGE!!
The orc throws a boomerang.
The boomerang barely misses you. The orc hits you but does no damage.
The orc hits you with a +0 hand axe. The orc priest barely misses you.
You take 2 damage, and have 15/40 hp.
It was a potion of mutation.
You feel extremely strange.
You feel your magical essence link to the dungeon's wands.
You feel the urge to shout.
Your body twists and deforms.
A pair of antennae grows on your head!
The orc throws a boomerang.
The boomerang misses you. The orc hits you with a +0 dagger.
The orc hits you with a +0 hand axe.
* * * LOW HITPOINT WARNING * * *
The orc priest hits you with a +0 club.
* * * LOW HITPOINT WARNING * * *
You take 9 damage, and have 6/40 hp.
MASSIVE DAMAGE!!
Okay, then.
It was a potion of magic.
Magic courses through your body. The orc misses you.
The orc completely misses you. The orc priest barely misses you.
It was a potion of degeneration.
There was something very wrong with that liquid.
You feel weakened.
You feel dopey.
You feel clumsy. The orc misses you. The orc hits you with a +0 hand axe.
* * * LOW HITPOINT WARNING * * *
The orc priest closely misses you. The orc barely misses you.
You take 3 damage, and have 3/40 hp.
It was a potion of might.
You feel very mighty all of a sudden.
The orc closely misses you. x2; The orc barely misses you.
The orc priest hits you with a +0 club.
* * * LOW HITPOINT WARNING * * *
You take 1 damage, and have 2/40 hp.
Unknown command.
You barely miss the orc priest. You hit the orc.
You kill the orc!
You slash the orc!
You kill the orc!
The orc misses you. The orc priest closely misses you.
The orc hits you from afar with a +0 trident.
You die...

#### #.##
......#### #...#
.........##....#
..............
........#..... .
........#oo.#..#
........).o.#..#
##.......)@.....#
...............##
..............##
...........#..#
...........##..#
##......####..#
#.............#
#.....<.......#
...............#


You could see an orc priest and 2 orcs.

Vanquished Creatures
  4 gnolls (D:2)
  An adder (D:3)
  A worm (D:3)
  3 dart slugs
  2 orcs (D:4)
  4 ball pythons
  3 bats
  5 endoplasms
  6 giant cockroaches
  9 goblins
  6 hobgoblins
  3 jackals (D:1)
  5 quokkas
  4 frilled lizards
  7 rats
63 creatures vanquished.

Vanquished Creatures (others)
  3 plants (D:3)
3 creatures vanquished.

Grand Total: 66 creatures vanquished

Notes
Turn   | Place    | Note
-------+----------+-------------------------------------------
     0 | D:1      | gimp the Demigod Wanderer began the quest for the Orb.
     0 | D:1      | gimp set off with the following items: a +0 war axe, a +0
                  | hunting sling, 21 sling bullets, a +0 pair of gloves, a +0
                  | leather armour
     0 | D:1      | Reached XP level 1. HP: 17/17 MP: 4/4
    80 | D:1      | Reached skill level 2 in Fighting
   454 | D:1      | Reached XP level 2. HP: 23/25 MP: 5/5
  1052 | D:1      | Reached skill level 3 in Fighting
  1509 | D:1      | Reached XP level 3. HP: 31/31 MP: 6/6
  1848 | D:2      | Reached skill level 1 in Short Blades
  2557 | D:3      | Found Omouch's Book Boutique.
  2575 | D:3      | Reached XP level 4. HP: 13/38 MP: 8/8
  3423 | D:3      | Noticed Grinder
  3479 | D:4      | Gained mutation: You expend magic power (3 MP) to
                  | strengthen your wands. [potion of mutation]
  3479 | D:4      | Gained mutation: You occasionally shout uncontrollably at
                  | your foes. [potion of mutation]
  3479 | D:4      | Gained mutation: Armour fits poorly on your strangely
                  | shaped body. [potion of mutation]
  3479 | D:4      | Gained mutation: You have a pair of small antennae on your
                  | head. [potion of mutation]
  3482 | D:4      | HP: 2/40 [orc priest (1)]
  3483 | D:4      | Slain by an orc

Illustrated notes

Levels and vault maps discovered:
D:1:      scummos_arrival_simple_crosswalls, layout_basic,
          serial_co_window_serial, co_window_corner_a, co_window_paths_b,
          co_window_cross_1, co_window_corner_a, co_window_corner_a,
          co_window_corner_ca, co_window_corner_cb, co_window_corner_ca,
          co_window_broadway_a, co_window_broadway_a, co_window_corner_b,
          glass_columns_b, glass_columns_b, glass_columns_a, minmay_tromino_v4_a
D:2:      layout_loops_ring
D:3:      wad_woods_tower, layout_basic, serial_shops,
          nicolae_shop_hallway_stairs, grunt_ministairs_15, skrybe_limestone_x,
          uniq_grinder
D:4:      layout_cave_pools, enter_ossuary_4

Skill      XL: |  1  2  3  4 |
---------------+-------------+-----
Fighting       | 2 3 |  3.7
Short Blades   | 1 2 |  2.4
Axes           | |  2.6
Slings         | |  1.0
Dodging        | |  2.6
Spellcasting   | |  1.0

Action                   |  1- 3 |  4- 6 || total
-------------------------+-------+-------++-------
Melee: War axe           |   169 |    26 ||   195
       Dagger            |     1 |     3 ||     4
  Use: Potion            |       |     4 ||     4
 Stab: Sleeping          |     4 |       ||     4
Armor: Leather armour    |    49 |     4 ||    53
Dodge: Dodged            |   132 |    41 ||   173

Table legend: (Time is in decaauts)
 A = Elapsed time spent in this place.
 B = Non-inter-level travel time spent in this place.
 C = Inter-level travel time spent in this place.
 D = Time resting spent in this place.
 E = Time spent auto-exploring this place.
 F = Levels seen in this place.
 G = Mean time per level.
                   A        B        C        D        E       F      G
               +--------+--------+--------+--------+--------+-----+--------+
         Total |   3559 |   3439 |    120 |    558 |   2173 |   4 |  889.8 |
       Dungeon |   3559 |   3439 |    120 |    558 |   2173 |   4 |  889.8 |
               +--------+--------+--------+--------+--------+-----+--------+

Top non-repeatable levels by time:
     D:1: 1866 daAuts
     D:2: 1304 daAuts
     D:3: 374 daAuts
     D:4: 14 daAuts
